AoeStats
← Erickinio

Arena

508590562Analyzed
4v4 RM · 9d ago on Sep 23, 2026· 53m 20s· 8 players
Game mode
Random Map
Map size
Large (8 player)
Population
200
Speed
Normal
Resources
Standard
Victory
Conquest
Starting age
Dark Age
Ending age
Imperial Age
RankedLock teamsTeams togetherTeam positionsShared explorationLock speedFull tech treeHidden civsTurbo modeCheats
Victory
Defeat
🇲🇽 Italians · Mexico
1002
+11
🇦🇷 Celts · Argentina
869
+16
🇲🇽 Bulgarians · Mexico
858
+16
🇲🇽 Franks · Mexico
848
+17
🇲🇽 Goths · Mexico
935
-17
🇺🇸 Franks · United States
863
-15
🇲🇽 Byzantines · Mexico
848
-14
🇲🇽 Khitans · Mexico
843
-14
Alex931231
11:46 Feudal Age
15:47 Castle Age
14:15 Double-Bit Axe
14:14 Horse Collar
16:48 Stone Mining
25:03 Padded Archer Armor
24:54 Fletching
28:59 Pikeman
33:21 Gold Mining
36:01 Bow Saw
41:26 Imperial Age
40:33 Elite Skirmisher
43:29 Forging
43:20 Scale Mail Armor
44:19 Conscription
46:19 Squires
46:40 Chain Mail Armor
47:01 Iron Casting
46:09 Halberdier
47:28 Man-at-Arms
50:14 Chemistry
richi_maron_90
12:37 Feudal Age
16:53 Castle Age
26:27 Double-Bit Axe
28:48 Bow Saw
30:25 Fletching
30:36 Padded Archer Armor
38:09 Lamellar Armor
39:59 Wheelbarrow
39:56 Pikeman
40:37 Squires
40:23 Gambesons
40:24 Arson
41:19 Scale Mail Armor
41:30 Forging
41:16 Bodkin Arrow
41:36 Leather Archer Armor
41:27 Scale Barding Armor
43:35 Chain Mail Armor
43:56 Iron Casting
43:49 Light Cavalry
44:29 Husbandry
44:59 Gold Mining
48:30 Imperial Age
46:17 Hand Cart
46:44 Man-at-Arms
48:22 Long Swordsman
49:46 Two-Handed Swordsman
51:03 Plate Mail Armor
50:54 Chain Barding Armor
im just gettin lucky
10:08 Feudal Age
11:13 Double-Bit Axe
16:45 Castle Age
18:46 Bow Saw
19:19 Wheelbarrow
28:18 Fletching
32:09 Imperial Age
31:17 Scale Barding Armor
31:23 Forging
32:54 Chain Barding Armor
32:59 Fortified Wall
33:15 Conscription
33:00 Chivalry
33:30 Conscription
33:22 Husbandry
32:43 Cavalier
33:37 Husbandry
36:48 Paladin
38:12 Plate Barding Armor
38:20 Plate Barding Armor
38:44 Iron Casting
41:54 Blast Furnace
42:27 Hand Cart
46:11 Stone Mining
46:11 Gold Mining
Alexitobb
12:10 Feudal Age
15:51 Castle Age
13:55 Double-Bit Axe
20:57 Pikeman
21:37 Squires
32:15 Wheelbarrow
32:25 Forging
33:18 Gold Mining
34:17 Horse Collar
34:50 Bow Saw
38:37 Imperial Age
36:49 Scale Mail Armor
38:11 Chain Mail Armor
37:56 Padded Archer Armor
37:46 Fletching
38:32 Iron Casting
38:40 Stone Mining
39:39 Conscription
38:48 Elite Huskarl
39:29 Anarchy
40:08 Heavy Plow
41:17 Two-Man Saw
41:24 Chemistry
40:47 Ballistics
41:27 Treadmill Crane
43:01 Blast Furnace
41:56 Bodkin Arrow
42:17 Leather Archer Armor
44:10 Halberdier
esdrasvm
10:06 Feudal Age
10:41 Double-Bit Axe
11:39 Loom
17:00 Castle Age
15:58 Forging
17:12 Stone Mining
18:35 Bow Saw
18:07 Horse Collar
20:23 Fletching
20:34 Padded Archer Armor
21:36 Heavy Plow
25:18 Leather Archer Armor
33:16 Imperial Age
32:31 Scale Mail Armor
32:27 Bodkin Arrow
33:57 Iron Casting
33:27 Gold Mining
34:13 Stone Shaft Mining
34:33 Conscription
39:36 Ballistics
40:28 Chemistry
39:47 Squires
40:34 Arson
42:18 Wheelbarrow
43:23 Gambesons
42:59 Pikeman
45:16 Crop Rotation
44:54 Bagains
45:04 Pikeman
45:30 Gambesons
46:05 Hand Cart
47:48 Halberdier
50:20 Gold Shaft Mining
50:32 Stirrups
51:56 Chain Mail Armor
51:34 Elite Skirmisher
53:42 Blast Furnace
53:12 Plate Mail Armor
52:48 Scale Barding Armor
52:45 Bracer
Firthunands
11:40 Feudal Age
15:42 Castle Age
14:14 Double-Bit Axe
16:02 Scale Barding Armor
16:48 Forging
21:14 Gold Mining
23:51 Bow Saw
24:01 Murder Holes
26:33 Scale Mail Armor
27:25 Husbandry
29:42 Loom
30:45 Wheelbarrow
32:51 Masonry
35:54 Imperial Age
34:25 Chain Barding Armor
34:51 Pikeman
35:49 Chain Mail Armor
36:12 Iron Casting
35:56 Hand Cart
36:40 Chain Mail Armor
36:26 Gambesons
36:25 Cavalier
37:22 Halberdier
41:30 Blast Furnace
41:00 Plate Mail Armor
43:23 Plate Mail Armor
45:01 Paladin
46:10 Squires
52:17 Plate Barding Armor
[SCP] PaChUcO
4:33 Loom
12:55 Feudal Age
14:39 Double-Bit Axe
18:17 Castle Age
17:24 Bloodlines
17:28 Forging
18:41 Wheelbarrow
17:57 Horse Collar
19:49 Bow Saw
21:29 Gold Mining
25:12 Scale Barding Armor
25:50 Stone Mining
27:01 Town Watch
27:50 Heavy Plow
28:08 Squires
28:48 Iron Casting
30:41 Hand Cart
33:12 Arson
33:30 Scale Mail Armor
37:00 Imperial Age
36:00 Fletching
36:26 Chain Mail Armor
36:51 Silk Road
37:12 Thumb Ring
37:40 Padded Archer Armor
38:42 Blast Furnace
38:44 Conscription
39:15 Ballistics
40:01 Chemistry
39:07 Padded Archer Armor
39:36 Caravan
41:25 Plate Mail Armor
41:29 Elite Genoese Crossbowman
46:22 Bodkin Arrow
48:09 Murder Holes
52:40 Leather Archer Armor
Erickinio
3:15 Loom
8:08 Loom
10:46 Feudal Age
9:02 Loom
13:10 Double-Bit Axe
14:33 Arson
14:59 Forging
14:55 Man-at-Arms
15:58 Scale Mail Armor
21:17 Horse Collar
24:08 Castle Age
25:41 Wheelbarrow
24:51 Long Swordsman
28:06 Gambesons
33:10 Stronghold
33:41 Stone Mining
33:45 Gold Mining
34:27 Pikeman
36:25 Bow Saw
37:19 Gold Shaft Mining
37:20 Stone Shaft Mining
40:04 Imperial Age
37:38 Heavy Plow
40:33 Caravan
40:06 Two-Handed Swordsman
41:24 Conscription
41:40 Masonry
41:26 Murder Holes
41:51 Hand Cart
41:21 Town Watch
42:19 Iron Casting
42:29 Chain Mail Armor
42:12 Champion
44:13 Blast Furnace
44:20 Plate Mail Armor
44:16 Onager
45:46 Halberdier
46:19 Fletching
46:29 Padded Archer Armor
47:31 Furor Celtica
47:43 Ballistics
47:30 Siege Engineers
47:38 Fortified Wall
48:25 Bodkin Arrow
48:46 Leather Archer Armor
49:13 Elite Woad Raider
51:35 Chemistry
52:20 Ring Archer Armor
Connection lost

Rejoining the realm…

Still unreachable

The connection could not be restored.

Session expired

The server has moved on; the page needs a fresh start.